 Dungeon Crawl Stone Soup version 0.32-a0-928-g1cae6b7ea0 (webtiles) character file.

Game seed: 15688627390163698415

231 Autsider the Digger (level 6, -2/38 HPs)
             Began as a Gargoyle Earth Elementalist on Apr 12, 2024.
             Was an Initiate of Vehumet.
             Slain by a steam dragon (3 damage)
             ... on level 5 of the Dungeon.
             The game lasted 00:07:48 (3764 turns).

Autsider the Digger (Gargoyle Earth Elementalist)   Turns: 3764, Time: 00:07:49

Health: -2/38      AC: 10    Str: 12    XL:     6   Next: 3%
Magic:  1/9        EV: 11    Int: 17    God:    Vehumet [......]
Gold:   184        SH:  0    Dex: 10    Spells: 6/10 levels left

rFire   . . .        k - +2 spear (vamp)
rCold   . . .        (no shield)
rNeg    + . .        a - +0 robe
rPois   ∞            g - +1 helmet
rElec   +            p - +0 cloak
rCorr   .            u - +0 pair of gloves
SInv    .            (no boots)
Will    +....        (no amulet)
Stlth   ++           h - ring of willpower
HPRegen 0.26/turn    (no ring)
MPRegen 0.11/turn

%: no passive effects
@: very slightly contaminated
A: sickness immunity, AC +4, negative energy resistance 1, electricity
resistance, torment resistance 1, petrification resistance
a: Renounce Religion


You were on level 5 of the Dungeon.
You worshipped Vehumet.
Vehumet was noncommittal.
You visited 2 branches of the dungeon, and saw 6 of its levels.

You collected 184 gold pieces.

Inventory:

Hand Weapons
 k - a +2 vampiric spear (weapon)
 r - a +2 mace of protection
 w - a +2 whip of draining
Armour
 a - a +0 robe (worn)
 g - a +1 helmet (worn)
 p - a +0 cloak (worn)
 u - a +0 pair of gloves (worn)
Magical Staves
 j - a staff of cold
Jewellery
 h - a ring of willpower (left hand)
Wands
 q - a wand of charming (8)
Scrolls
 i - 3 scrolls of poison {unknown}
 l - a scroll of enchant armour {unknown}
 m - a scroll of immolation {unknown}
 o - 2 scrolls of teleportation {unknown}
 s - a scroll of acquirement {unknown}
 t - a scroll of blinking {unknown}
 x - a scroll of identify {unknown}
Potions
 b - a potion of magic
 c - a potion of mutation {unknown}
 d - 3 potions of brilliance {unknown}
 e - a potion of curing {unknown}
 f - a potion of lignification {unknown}
 n - a potion of cancellation {unknown}
 v - a potion of attraction {unknown}


   Skills:
 + Level 3.7 Fighting
 - Level 1.5 Dodging
 - Level 2.1 Stealth
 + Level 2.5 Spellcasting
 + Level 2.1 Conjurations
 + Level 5.7 Earth Magic


You had 6 spell levels left.
You knew the following spells:

 Your Spells              Type           Power      Damage    Failure   Level
a - Sandblast             Erth           42%        2d11      1%          1
b - Stone Arrow           Conj/Erth      30%        3d8       11%         3

Your spell library contained the following spells:

 Spells                   Type           Power      Damage    Failure   Level
 Passwall                 Erth           21%        N/A       5%          3
 Dazzling Flash           Conj/Hex       10%        N/A       34%         3
 Brom's Barrelling Bould  Conj/Erth      15%        2d4       36%         4
 Mephitic Cloud           Conj/Alch/Air  4%         N/A       38%         3
 Petrify                  Alch/Erth      11%        N/A       50%         4
 Curse of Agony           Necr           2%         N/A       99%         5
 Silence                  Hex/Air        1%         N/A       99%         5
 Malign Gateway           Summ/Tloc      1%         N/A       100%        7
 Summon Horrible Things   Summ           1%         N/A       100%        8


Dungeon Overview and Level Annotations

Branches:
Dungeon (5/15)             Temple (1/1) D:4

Altars:
Ashenzari
Cheibriados
Elyvilon
Gozag
Hepliaklqana
Makhleb
Nemelex Xobeh
Okawaru
Qazlal
Ru
Sif Muna
Trog
Uskayaw
Vehumet
Wu Jian
Yredelemnul
Zin
The Shining One
Beogh

Shops:
D:1 (

Annotations:
D:3 3 runed translucent doors, Dogenati's ghost, weakling HuCA


Innate Abilities, Weirdness & Mutations

You are immune to sickness and miasma.
Your stone body is resilient. (AC +4)
You are immune to poison.
You resist negative energy. (rN+)
You are resistant to electric shocks. (rElec)
You are resistant to unholy torment.
You are immune to petrification.


Message History

Nothing appears to happen.
Casting: Stone Arrow (dangerous; 11% risk of failure)
Confirm with . or Enter, or press ? or * to list all spells.
You don't have enough magic to cast this spell.
Reach: k) +2 spear (vamp)
Press: ? - help, Dir - move target, f/p - steam dragon
Aim: a steam dragon (almost dead, about 38% to evade your +2 vampiric spear)
You reach to attack!
You hit the steam dragon.
You feel better.
The steam dragon is almost dead.
Reach: k) +2 spear (vamp)
Press: ? - help, Dir - move target, f/p - steam dragon
Aim: a steam dragon (almost dead, about 38% to evade your +2 vampiric spear)
You closely miss the steam dragon.
The steam dragon is almost dead.
The steam dragon barely misses you. x2
Reach: k) +2 spear (vamp)
Press: ? - help, Dir - move target, f/p - steam dragon
Aim: a steam dragon (almost dead, about 38% to evade your +2 vampiric spear)
You closely miss the steam dragon.
The steam dragon is almost dead.
The steam dragon breathes steam at you. The ball of steam hits you!
* * * LOW HITPOINT WARNING * * *
Reach: k) +2 spear (vamp)
Press: ? - help, Dir - move target, f/p - steam dragon
Aim: a steam dragon (almost dead, catching its breath, about 38% to evade your +2 vampiric spear)
You hit the steam dragon.
You feel better.
The steam dragon is almost dead.
You are engulfed in a cloud of scalding steam.
The steam dragon barely misses you.
The steam dragon claws you but does no damage.
Reach: k) +2 spear (vamp)
Press: ? - help, Dir - move target, f/p - steam dragon
Aim: a steam dragon (almost dead, catching its breath, about 38% to evade your +2 vampiric spear)
You closely miss the steam dragon.
The steam dragon is almost dead.
You are engulfed in a cloud of scalding steam.
* * * LOW HITPOINT WARNING * * *
The steam dragon bites you.
You die...

#.# #.# #.# #.# #.###
#.# #.#.# #.# ### #.#.#
#.# ...D #(#.# #.# .....
##.#.# #.#
......####§...# #.#
........D@#.#.# #.#
###.#####§#.#.# #.#
#.#.#.#### #.#
##D#####........# #.#
#.......##.#.##.#####.#
#.....................#
#.......##.#.##.########
##########.#.#.........#
...........>####..<#


You could see a steam dragon (catching breath).

Vanquished Creatures
  A hound (D:4)
  An iguana (D:4)
  Ijyb (D:4)
  Robin (D:2)
  3 adders (D:3)
  2 ufetubi (D:5)
  3 ribbon worms
  2 dart slugs
  An orc (D:3)
  6 ball pythons
  5 bats
  4 endoplasms
  6 giant cockroaches
  11 goblins
  10 hobgoblins
  3 jackals (D:1)
  12 quokkas
  4 frilled lizards
  4 kobolds
  A rat (D:2)
81 creatures vanquished.

Notes
Turn   | Place    | Note
-------+----------+-------------------------------------------
     0 | D:1      | Autsider the Gargoyle Earth Elementalist began the quest
                  | for the Orb.
     0 | D:1      | Reached XP level 1. HP: 10/10 MP: 3/3
    43 | D:1      | Reached skill level 1 in Fighting
    43 | D:1      | Reached XP level 2. HP: 6/16 MP: 0/5
   133 | D:1      | Reached skill level 4 in Earth Magic
   775 | D:1      | Found Lyatekh's Antique Weapon Emporium.
   818 | D:1      | Reached XP level 3. HP: 21/21 MP: 4/6
  1003 | D:1      | Learned a level 3 spell: Stone Arrow
  1365 | D:2      | Noticed Robin
  1436 | D:2      | Killed Robin
  1437 | D:2      | Reached XP level 4. HP: 27/27 MP: 3/7
  2032 | D:2      | Reached skill level 5 in Earth Magic
  2294 | D:3      | Reached XP level 5. HP: 32/32 MP: 8/8
  2571 | D:4      | Noticed Ijyb
  2585 | D:4      | Killed Ijyb
  2669 | D:4      | Found a stormy altar of Qazlal.
  2698 | D:4      | Found a glowing golden altar of the Shining One.
  2700 | D:4      | Found a basalt altar of Yredelemnul.
  2704 | D:3      | Found a runed translucent gate.
  2704 | D:3      | Found a runed translucent gate.
  2704 | D:3      | Found a runed translucent gate.
  2705 | D:3      | Identified the +2 hand axe "Illumma" {venom, rElec rF-
                  | Dex+4}
  2705 | D:3      | Identified the +7 chain mail of Makhleb's Whim {rElec}
  2706 | D:3      | Noticed Dogenati's ghost (weakling HuCA)
  2932 | D:3      | Found a roughly hewn altar of Beogh.
  2968 | D:4      | Found an iron altar of Okawaru.
  2969 | D:4      | Found a sparkling altar of Nemelex Xobeh.
  3145 | D:4      | Found a staircase to the Ecumenical Temple.
  3157 | Temple   | Entered the Ecumenical Temple
  3166 | Temple   | Became a worshipper of Vehumet
  3393 | D:5      | Entered Level 5 of the Dungeon
  3430 | D:5      | Reached XP level 6. HP: 21/38 MP: 6/9
  3632 | D:5      | Noticed a steam dragon
  3764 | D:5      | HP: 1/38 [steam dragon] (16)]
  3764 | D:5      | Slain by a steam dragon

Illustrated notes

Levels and vault maps discovered:
D:1:      minmay_arrival_shattered_statue, layout_loops_corners, serial_shops,
          shop
D:2:      layout_basic, uniq_robin
D:3:      layout_basic, biasface_ghost_orc_armoury
D:4:      layout_cave_pools, grunt_temple_overflow_open,
          minmay_temple_entry_waves, mrwooster_statue_mirror, uniq_ijyb
D:5:      layout_basic
Temple:   dshaligram_water_room_temple

Skill      XL: |  1  2  3  4  5 |
---------------+----------------+-----
Fighting       | 1 2 3 |  3.7
Earth Magic    | 4 5 |  5.7
Conjurations   | 2 |  2.1
Dodging        | |  1.5
Stealth        | |  2.1
Spellcasting   | |  2.5

Action                     |  1- 3 |  4- 6 || total
---------------------------+-------+-------++-------
  Melee: Unarmed           |    40 |       ||    40
         Spear             |       |   122 ||   122
   Cast: Sandblast         |    49 |    18 ||    67
         Stone Arrow       |       |     8 ||     8
   Stab: Sleeping          |       |     5 ||     5
 Armour: Robe              |    45 |    86 ||   131
  Dodge: Dodged            |    47 |    90 ||   137

Table legend: (Time is in decaauts)
 A = Elapsed time spent in this place.
 B = Non-inter-level travel time spent in this place.
 C = Inter-level travel time spent in this place.
 D = Time resting spent in this place.
 E = Time spent auto-exploring this place.
 F = Levels seen in this place.
 G = Mean time per level.
                   A        B        C        D        E       F      G
               +--------+--------+--------+--------+--------+-----+--------+
         Total |   3809 |   3621 |    188 |    121 |   2881 |   6 |  634.8 |
       Dungeon |   3790 |   3619 |    171 |    121 |   2881 |   5 |  758.0 |
        Temple |     18 |      1 |     17 |      0 |      0 |   1 |   18.0 |
               +--------+--------+--------+--------+--------+-----+--------+

Top non-repeatable levels by time:
     D:1: 1199 daAuts
     D:2: 944 daAuts
     D:3: 689 daAuts
     D:4: 661 daAuts
     D:5: 296 daAuts
  Temple: 18 daAuts
